 Dungeon Crawl Stone Soup version 0.30-a0-331-g8ab09dc110 (webtiles) character file.

Game seed: 3757837115498645068

194 Zonian the Magician (level 6, 0/40 HPs)
             Began as a Djinni Ice Elementalist on Oct 29, 2022.
             Slain by an iguana (9 damage)
             ... on level 4 of the Dungeon.
             The game lasted 00:07:54 (4266 turns).

Zonian the Magician (Djinni Ice Elementalist)       Turns: 4266, Time: 00:07:54

Health: 0/40       AC:  3    Str:  7      XL:     6   Next: 3%
Gold:   215        EV: 12    Int: 15 (18) God:
                   SH:  0    Dex: 12 (14)

rFire   + + .      SeeInvis .    c - +0 short sword
rCold   x . .      Faith    .    (no shield)
rNeg    . . .      Spirit   .    a - +0 robe
rPois   ∞          Reflect  .    p - +0 helmet
rElec   .          Harm     .    (no cloak)
rCorr   .          Rampage  .    (no gloves)
Will    .....                    (boots unavailable)
Stlth   ++........               s - amulet of the acrobat
HPRegen 0.26/turn                (no ring)
MPRegen 0.00/turn                (no ring)

@: weak-willed, flying
A: sickness immunity, fire resistance 2, cold vulnerability 1, float, innate
caster, HP casting, extra vitality 1
a: no special abilities


You were on level 4 of the Dungeon.
You visited 1 branch of the dungeon, and saw 4 of its levels.

You collected 215 gold pieces.

Inventory:

Hand Weapons
 c - a +0 short sword (weapon)
 e - a +0 short sword
 n - a +2 antimagic short sword
 q - a +0 short sword
Missiles
 i - 11 poisoned darts
Armour
 a - a +0 robe (worn)
 p - a +0 helmet (worn)
Jewellery
 s - an amulet of the acrobat (around neck)
 w - a +4 ring of protection
Wands
 m - a wand of digging (8)
 v - a wand of iceblast (3)
Scrolls
 b - 2 scrolls of teleportation
 d - a scroll of vulnerability
 k - a scroll of fear {unknown}
 l - a scroll of blinking {unknown}
 o - a scroll of identify {unknown}
 r - a scroll of poison {unknown}
 t - a scroll of enchant weapon {unknown}
Potions
 u - a potion of haste {unknown}


   Skills:
 - Level 3.2 Dodging
 - Level 2.5 Stealth
 + Level 4.7 Spellcasting


You couldn't memorise any spells.
You knew the following spells:

 Your Spells              Type           Power      Damage    Failure   Level
a - Freeze                Ice            68%        1d8       2%          1
b - Frozen Ramparts       Ice            34%        1d6       7%          3
c - Ozocubu's Armour      Ice            17%        N/A       7%          3
d - Summon Ice Beast      Ice/Summ       17%        N/A       24%         4
e - Necrotise             Necr           68%        1d7       2%          1
f - Searing Ray           Conj           34%        2d5       3%          2
Your spell library was empty.

Dungeon Overview and Level Annotations

Branches:
Dungeon (4/15)
 Temple: D:4-7

Altars:

Annotations:
D:2 Sigmund


Innate Abilities, Weirdness & Mutations

You are immune to sickness and miasma.
You are immune to poison.
Your flesh is very heat resistant. (rF++)
You are vulnerable to cold. (rC-)
You float through the air rather than walking.
You learn spells naturally, not from books.
Your magical power is your life essence.
You have superior vitality. (+4 MHP)


Message History

Aiming: Freeze (safe; 2% risk of failure)
Press: ? - help, Shift-Dir - straight line, f/p - hound
Aim: a hound (moderately wounded)
You freeze the hound!
The hound is severely wounded.
The hound barely misses you. The hound bites you.
* * * LOW HITPOINT WARNING * * *
Casting: Freeze (safe; 2% risk of failure)
Confirm with . or Enter, or press ? or * to list all spells.
Aiming: Freeze (safe; 2% risk of failure)
Press: ? - help, Shift-Dir - straight line, f/p - hound
Aim: a hound (severely wounded)
You freeze the hound.
The hound is almost dead.
* * * LOW HITPOINT WARNING * * *
The hound misses you.
Casting: Freeze (safe; 2% risk of failure)
Confirm with . or Enter, or press ? or * to list all spells.
Aiming: Freeze (safe; 2% risk of failure)
Press: ? - help, Shift-Dir - straight line, f/p - hound
Aim: a hound (almost dead)
You freeze the hound.
You kill the hound!
* * * LOW HITPOINT WARNING * * *
You feel your strength returning.
You have reached level 6!
Casting: Freeze (safe; 2% risk of failure)
Confirm with . or Enter, or press ? or * to list all spells.
Aiming: Freeze (safe; 2% risk of failure)
Press: ? - help, Shift-Dir - straight line, f - iguana
Aim: an iguana You freeze the iguana!
The iguana is heavily wounded.
* * * LOW HITPOINT WARNING * * *
A giant cockroach comes into view.
The iguana bites you.
* * * LOW HITPOINT WARNING * * *
Unknown command.
You feel better. The iguana bites you!
You die...

.... #..# ##
#..##..## ...
####.......##.#
.....##.......##
#............
#§#.#B#.#.###
#§§§.g.......
.....§§§#l#.###?.
....#§###@#.# ...
#. #.# # . # #..
##.? ..# ... ...#
...#


You could see an iguana, a giant cockroach (wandering) and a goblin.

Vanquished Creatures
  A hound (D:4)
  Terence (D:2)
  Robin (D:2)
  3 adders (D:2)
  2 worms
  3 dart slugs
  An orc (D:3)
  9 endoplasms
  3 giant cockroaches
  15 goblins
  6 hobgoblins
  8 jackals
  6 kobolds
  3 quokkas
  6 ball pythons
  4 bats
  3 frilled lizards
  2 rats
77 creatures vanquished.

Notes
Turn   | Place    | Note
-------+----------+-------------------------------------------
     0 | D:1      | Zonian the Djinni Ice Elementalist began the quest for the
                  | Orb.
     0 | D:1      | Zonian set off with the following spells memorised: Freeze,
                  | Frozen Ramparts, Ozocubu's Armour, Summon Ice Beast.
     0 | D:1      | Reached XP level 1. HP: 15/15 MP: 0/0
   176 | D:1      | Reached XP level 2. HP: 21/21 MP: 0/0
   361 | D:1      | Reached XP level 3. HP: 24/25 MP: 0/0
   361 | D:1      | Learned a level 1 spell: Necrotise
   975 | D:2      | Reached XP level 4. HP: 14/31 MP: 0/0
  1497 | D:2      | Noticed Robin
  1937 | D:2      | Noticed Sigmund
  2198 | D:2      | Noticed Terence
  2218 | D:2      | Reached skill level 4 in Spellcasting
  2284 | D:2      | Reached XP level 5. HP: 32/35 MP: 0/0
  2284 | D:2      | Learned a level 2 spell: Searing Ray
  2352 | D:2      | Killed Terence
  2715 | D:2      | Killed Robin
  3774 | D:3      | Found a faded altar of an unknown god.
  4265 | D:4      | Reached XP level 6. HP: 8/40 MP: 0/0
  4265 | D:4      | HP: 1/40 [iguana (6)]
  4266 | D:4      | Slain by an iguana

Illustrated notes

Levels and vault maps discovered:
D:1:      heliophobic_arrival_henge, layout_basic, serial_park_tiny_pond,
          minivault_14
D:2:      layout_basic, uniq_sigmund, uniq_terence, uniq_robin
D:3:      layout_basic, hellmonk_ecumenical_altar_lost_god, corner_web_ring
D:4:      layout_rooms, mainiacjoe_overflow_cross_hatched, uniq_ijyb

Skill      XL: |  1  2  3  4 |
---------------+-------------+-----
Stealth        | 2 |  2.5
Dodging        | 3 |  3.2
Spellcasting   | 4 |  4.7

Action                   |  1- 3 |  4- 6 || total
-------------------------+-------+-------++-------
Melee: Unarmed           |     2 |       ||     2
       Short sword       |    21 |    78 ||    99
       Punch             |     1 |     1 ||     2
 Cast: Freeze            |    56 |    30 ||    86
       Necrotise         |     2 |     8 ||    10
       Searing Ray       |       |    11 ||    11
       Frozen Ramparts   |       |     1 ||     1
  Use: Scroll            |       |     6 ||     6
       Potion            |       |     2 ||     2
 Stab: Sleeping          |       |     2 ||     2
Armor: Robe              |    14 |    21 ||    35
Dodge: Dodged            |    49 |    69 ||   118

Table legend: (Time is in decaauts)
 A = Elapsed time spent in this place.
 B = Non-inter-level travel time spent in this place.
 C = Inter-level travel time spent in this place.
 D = Time resting spent in this place.
 E = Time spent auto-exploring this place.
 F = Levels seen in this place.
 G = Mean time per level.
                   A        B        C        D        E       F      G
               +--------+--------+--------+--------+--------+-----+--------+
         Total |   4264 |   4111 |    153 |   1036 |   2091 |   4 | 1066.0 |
       Dungeon |   4264 |   4111 |    153 |   1036 |   2091 |   4 | 1066.0 |
               +--------+--------+--------+--------+--------+-----+--------+

Top non-repeatable levels by time:
     D:2: 2438 daAuts
     D:3: 1077 daAuts
     D:1: 725 daAuts
     D:4: 23 daAuts
